 Dungeon Crawl Stone Soup version 0.28-a0-1510-gd0f6b136d3 (webtiles) character file.

Game seed: 12076283004488689974

176 voltaire321 the Sneak (level 5, -12/33 HPs)
             Began as an Octopode Earth Elementalist on Jan 15, 2022.
             Mangled by an orc (14 damage)
             ... on level 4 of the Dungeon.
             The game lasted 00:07:53 (2787 turns).

voltaire321 the Sneak (Octopode Earth Elementalist) Turns: 2787, Time: 00:07:53

Health: -12/33     AC:  1    Str:  7    XL:     5   Next: 56%
Magic:  8/9        EV: 11    Int: 19    God:
Gold:   174        SH:  7    Dex: 13    Spells: 3/9 levels left

rFire   . . .      SeeInvis .   m - +1 short sword (vamp)
rCold   + . .      Faith    .   l - +0 kite shield
rNeg    . . .      Spirit   .   (helmet restricted)
rPois   .          Reflect  .   (no amulet)
rElec   .          Harm     .   i - ring of protection from cold
rCorr   .          Rampage  .   (no ring)
Will    .....                   (no ring)
Stlth   +++.......              (no ring)
HPRegen 0.11/turn               (no ring)
MPRegen 0.11/turn               (no ring)
                                (no ring)
                                (no ring)

@: brilliant
A: almost no armour, amphibious, 8 rings, camouflage 1, gelatinous body 1,
(nimble swimmer 1), tentacles
a: no special abilities


You were on level 4 of the Dungeon.
You visited 1 branch of the dungeon, and saw 4 of its levels.

You collected 174 gold pieces.

Inventory:

Hand Weapons
 m - a +1 vampiric short sword (weapon)
Missiles
 b - 83 stones
Armour
 l - a +0 kite shield (worn)
Jewellery
 i - a ring of protection from cold (left tentacle)
Scrolls
 a - 2 scrolls of vulnerability {unknown}
 c - a scroll of acquirement {unknown}
 h - a scroll of teleportation {unknown}
 j - 2 scrolls of amnesia {unknown}
 k - a scroll of identify {unknown}
 o - a scroll of immolation {unknown}
Potions
 d - a potion of mutation {unknown}
 e - a potion of brilliance
 f - a potion of curing {unknown}
 g - a potion of berserk rage {unknown}
 n - a potion of degeneration {unknown}


   Skills:
 + Level 1.5 Fighting
 + Level 2.7 Dodging
 + Level 3.7 Stealth
 + Level 1.0 Shields
 + Level 2.7 Spellcasting
 + Level 0.8 Conjurations
 + Level 2.2 Transmutations
 + Level 3.6 Earth Magic


You had 3 spell levels left.
You knew the following spells:

 Your Spells              Type           Power      Damage    Failure   Level
a - Sandblast             Erth           48%        2d12      12%         1
b - Passwall              Tmut/Erth      16%        N/A       24%         2
c - Stone Arrow           Conj/Erth      32%        3d9       54%         3

Your spell library contained the following spells:

 Spells                   Type           Power      Damage    Failure   Level
 Confusing Touch          Hex            3%         N/A       85%         3
 Petrify                  Tmut/Erth      20%        N/A       85%         4
 Yara's Violent Unravell  Hex/Tmut       5%         3d4       100%        5
 Enfeeble                 Hex            1%         N/A       100%        7


Dungeon Overview and Level Annotations

Branches:
Dungeon (4/15)
 Temple: D:4-7

Altars:
Kikubaaqudgha
Zin

Shops:
D:1 =


Innate Abilities, Weirdness & Mutations

You cannot wear most types of armour.
You are amphibious.
You can wear up to eight rings at the same time.
Your skin changes colour to match your surroundings (Stealth+).
Your rubbery body absorbs attacks. (AC +1, EV +1)
((You are camouflaged when in or above water. (Stealth+)))
You have tentacles for arms and can constrict up to eight enemies at once.


Message History

You see here a +0 dagger.
You hit the orc but do no damage. Your grab misses the orc.
Your squeeze misses the orc. The orc hits you with a +4 flail.
You hit the orc wizard but do no damage.
You grab the orc wizard. You constrict the orc wizard.
The orc wizard hits you with a +0 dagger.
You block the orc's attack.
You hit the orc wizard but do no damage.
You squeeze the orc wizard.
The orc wizard is lightly wounded.
You constrict the orc wizard, but do no damage.
The orc wizard hits you with a +0 dagger.
The orc barely misses you. You block the orc's attack.
You block the orc wizard's attack.
You hit the orc wizard but do no damage.
The orc wizard is lightly wounded.
You constrict the orc wizard. The orc hits you with a +4 flail!
* * * LOW HITPOINT WARNING * * *
The orc wizard hits you with a +0 dagger.
* * * LOW HITPOINT WARNING * * *
Casting: Sandblast (safe; 12% risk of failure)
Confirm with . or Enter, or press ? or * to list all spells.
You don't know that spell.
Sorry, you're not good enough to have a special ability.
Unknown command.
Casting: Sandblast (safe; 12% risk of failure)
Confirm with . or Enter, or press ? or * to list all spells.
Aiming: Sandblast (safe; 12% risk of failure)
Press: ? - help, Shift-Dir - straight line, f - orc wizard
Aim: an orc wizard, wielding a +0 dagger and wearing a +0 robe (moderately wounded, constricted by you, 100% to hit)
The blast of sand hits the orc wizard.
The orc wizard is heavily wounded.
You constrict the orc wizard. The orc wizard closely misses you.
The orc barely misses you.
It was a potion of brilliance.
You feel clever all of a sudden.
You constrict the orc wizard.
The orc wizard gestures at you while chanting.
You resist with some effort. The orc hits you with a +4 flail!
You die...

#######
#.....########
##............#
#...####.####.#
#...##.....##.#
#...#.......#.##
##...#.......#?.#
#.......?_..o@o)#
#....#.......#..#
###<...#.......#..#
##......##.....##..#
....#...####.####..#
..#####........ ...#
..# ###### #####.#
..# .# .J#


You could see an orc wizard and an orc.

Vanquished Creatures
  A water moccasin skeleton (D:4)
  3 adders
  A worm (D:2)
  2 dart slugs (D:1)
  5 orcs
  5 ball pythons
  11 endoplasms
  4 giant cockroaches
  8 goblins
  5 hobgoblins (D:2)
  10 jackals
  7 kobolds
  A quokka (D:2)
  6 bats
  4 frilled lizards
  4 rats
77 creatures vanquished.

Notes
Turn   | Place    | Note
-------+----------+-------------------------------------------
     0 | D:1      | voltaire321 the Octopode Earth Elementalist began the quest
                  | for the Orb.
     0 | D:1      | Reached XP level 1. HP: 11/11 MP: 3/3
    16 | D:1      | Found Piamurch's Jewellery Emporium.
   176 | D:1      | Reached XP level 2. HP: 18/18 MP: 5/5
   182 | D:1      | Learned a level 2 spell: Passwall
   704 | D:1      | Reached XP level 3. HP: 22/22 MP: 6/6
  1069 | D:2      | Reached skill level 1 in Fighting
  1474 | D:2      | Reached XP level 4. HP: 25/28 MP: 7/7
  1674 | D:2      | Found a faded altar of an unknown god.
  1868 | D:2      | Learned a level 3 spell: Stone Arrow
  2149 | D:3      | Found a glowing silver altar of Zin.
  2149 | D:3      | Noticed an angel
  2329 | D:3      | Reached XP level 5. HP: 31/33 MP: 8/8
  2694 | D:4      | Found an ancient bone altar of Kikubaaqudgha.
  2779 | D:4      | Reached skill level 1 in Shields
  2787 | D:4      | Mangled by an orc

Illustrated notes

Levels and vault maps discovered:
D:1:      lightli_arrival_isolated_outpost, layout_loops_cross, serial_shops,
          shop, minmay_close_crescents
D:2:      layout_rooms, hellmonk_ecumenical_altar_leap_of_faith
D:3:      layout_rooms, zin_angel, kennysheep_nub, kennysheep_generic_room_2
D:4:      layout_rooms, old_standard_altar

Skill      XL: |  1  2  3  4  5 |
---------------+----------------+-----
Stealth        | 3 |  3.7
Fighting       | 1 |  1.5
Transmutations | 2 |  2.2
Shields        | 1 |  1.0
Dodging        | |  2.7
Spellcasting   | |  2.7
Conjurations   | |  0.8
Earth Magic    | |  3.6

Action                   |  1- 3 |  4- 6 || total
-------------------------+-------+-------++-------
Melee: Short sword       |    65 |    91 ||   156
       Constrict         |    14 |    24 ||    38
       Tentacles         |    13 |    18 ||    31
       Punch             |       |     1 ||     1
 Cast: Sandblast         |    10 |     9 ||    19
  Use: Potion            |       |     1 ||     1
 Stab: Sleeping          |     8 |     8 ||    16
Armor: Skin              |     4 |    11 ||    15
Dodge: Dodged            |    31 |    55 ||    86
Block: Kite shield       |       |    25 ||    25

Table legend: (Time is in decaauts)
 A = Elapsed time spent in this place.
 B = Non-inter-level travel time spent in this place.
 C = Inter-level travel time spent in this place.
 D = Time resting spent in this place.
 E = Time spent auto-exploring this place.
 F = Levels seen in this place.
 G = Mean time per level.
                   A        B        C        D        E       F      G
               +--------+--------+--------+--------+--------+-----+--------+
         Total |   2816 |   2751 |     65 |    593 |   1491 |   4 |  704.0 |
       Dungeon |   2816 |   2751 |     65 |    593 |   1491 |   4 |  704.0 |
               +--------+--------+--------+--------+--------+-----+--------+

Top non-repeatable levels by time:
     D:1: 1064 daAuts
     D:3: 829 daAuts
     D:2: 813 daAuts
     D:4: 110 daAuts
